 Dungeon Crawl Stone Soup version 0.31.0-9-g3a7656b989 (webtiles) character file.

Game seed: 14003670513840561992

72 qw the Shooter (level 4, 0/22 HPs)
             Began as a Spriggan Hunter on Feb 2, 2024.
             Slain by Terence
             ... wielding a +0 hand axe
              (8 damage)
             ... on level 2 of the Dungeon.
             The game lasted 00:00:03 (1227 turns).

qw the Shooter (Spriggan Hunter)                    Turns: 1227, Time: 00:00:04

Health: 0/22       AC:  2    Str:  7    XL:     4   Next: 7%
Magic:  5/5        EV: 19    Int: 10    God:
Gold:   28         SH:  0    Dex: 20    Spells: 3/3 levels left

rFire   . . .        a - +0 shortbow
rCold   . . .        (shield currently unavailable)
rNeg    . . .        c - +0 robe
rPois   .            (helmet restricted)
rElec   .            (no cloak)
rCorr   .            (gloves unavailable)
SInv    +            (boots unavailable)
Will    .....        (no amulet)
Stlth   ++           (no ring)
HPRegen 0.23/turn    (no ring)
MPRegen 0.09/turn

%: no passive effects
@: very quick
A: very small, no large weapons, unfitting armour, see invisible, speed 3
a: no special abilities


You were on level 2 of the Dungeon.
You visited 1 branch of the dungeon, and saw 2 of its levels.

You collected 50 gold pieces.
You spent 22 gold pieces at shops.


Innate Abilities, Weirdness & Mutations

You are very small and have problems with some larger weapons.
You are too small for most types of armour.
You have supernaturally acute eyesight. (SInv)
You cover ground extremely quickly. (Speed+++)


   Skills:
 - Level 1.5 Fighting
 - Level 5.0 Ranged Weapons
 + Level 4.3 Dodging
 - Level 1.5 Stealth


You had 3 spell levels left.
You didn't know any spells.
Your spell library was empty.

Inventory:

Hand Weapons
 a - a +0 shortbow (weapon)
Armour
 c - a +0 robe (worn)
Scrolls
 b - a scroll of silence {unknown}
 d - a scroll of acquirement {unknown}
 f - a scroll of enchant armour
 g - a scroll of teleportation
 j - a scroll of identify
 k - a scroll of fog {unknown}
Potions
 e - 2 potions of haste
 h - a potion of heal wounds {unknown}
 i - a potion of curing {unknown}

Dungeon Overview and Level Annotations

Branches:
Dungeon (2/15)

Altars:

Shops:
D:2 *

Annotations:
D:2 Terence


Message History

You shoot an arrow. The arrow hits Terence.
Terence is heavily wounded.
Terence closely misses you.
You shoot an arrow. The arrow barely misses Terence.
Terence completely misses you.
You shoot an arrow. The arrow hits Terence.
Terence is heavily wounded.
Terence hits you with a +0 hand axe.
You shoot an arrow.
The arrow hits Terence but does no damage.
Terence is heavily wounded.
Terence hits you with a +0 hand axe.
You shoot an arrow.
The arrow hits Terence but does no damage.
Terence is heavily wounded.
Terence barely misses you. x2
You shoot an arrow.
The arrow hits Terence but does no damage.
Terence is heavily wounded.
Terence completely misses you.
You shoot an arrow. The arrow hits Terence.
Terence is severely wounded.
Terence barely misses you.
You shoot an arrow.
The arrow hits Terence but does no damage.
Terence is severely wounded.
Terence barely misses you.
You shoot an arrow.
The arrow hits Terence but does no damage.
Terence is severely wounded.
Terence misses you.
You shoot an arrow. The arrow hits Terence.
Terence is almost dead.
Terence closely misses you.
You shoot an arrow.
The arrow hits Terence but does no damage.
Terence is almost dead.
Terence hits you with a +0 hand axe!
You die...
Terence says, "That felt goooood."

. . . . ### # ..# ##.
# #.###.... ###.#...#
#.@@..# ......#.###
.######.########## #
.................# #
...#.####.##.###.###
#
#....#....###...#####
####.#.............##
#........<####.###.##
#####.##....######.#
#.##


You could see Terence.

Vanquished Creatures
  4 gnolls (D:2)
  A ribbon worm (D:2)
  2 ball pythons (D:2)
  A bat (D:2)
  4 endoplasms (D:1)
  2 giant cockroaches (D:2)
  2 hobgoblins
  A quokka (D:1)
  4 frilled lizards
  5 goblins
  5 kobolds
31 creatures vanquished.

Notes
Turn   | Place    | Note
-------+----------+-------------------------------------------
     0 | D:1      | qw the Spriggan Hunter began the quest for the Orb.
     0 | D:1      | Reached XP level 1. HP: 10/10 MP: 2/2
     0 | D:1      | 0 ||| qw: Version: 0.3-a-155-g5e7d8dd
     0 | D:1      | 0 ||| qw: Game counter: 2334
     0 | D:1      | 0 ||| qw: Melee chars always use a shield: true
     0 | D:1      | 0 ||| qw: God list: Okawaru
     0 | D:1      | 0 ||| qw: Allow faded altars: false
     0 | D:1      | 0 ||| qw: Do Orc after clearing Dungeon:15 true
     0 | D:1      | 0 ||| qw: Do second Lair branch before Depths: true
     0 | D:1      | 0 ||| qw: Lair rune preference: random
     0 | D:1      | 0 ||| qw: Goals: Normal
     0 | D:1      | 0 ||| PLANNING D:1-11
    48 | D:1      | Reached skill level 3 in Dodging
   141 | D:1      | Reached XP level 2. HP: 14/14 MP: 3/3
   653 | D:1      | 653 ||| READING 2 scrolls labelled ORITWO QOALA.
   653 | D:1      | 653 ||| IDENTIFYING 2 murky inky potions
   654 | D:1      | 654 ||| READING scroll of identify.
   654 | D:1      | 654 ||| IDENTIFYING scroll labelled VAKHLO DACSEU
   655 | D:1      | 655 ||| READING 2 scrolls labelled WID DIUCAYDECIPHE.
   660 | D:1      | 660 ||| READING scroll labelled DOFRIPR ATUID.
   761 | D:1      | 761 ||| DROPPING scroll of butterflies.
   856 | D:2      | 856 ||| RETREEEEATING.
   862 | D:2      | Reached XP level 3. HP: 14/18 MP: 4/4
   862 | D:2      | 862 ||| FLEEEEING.
   863 | D:2      | 863 ||| FLEEEEING.
   864 | D:2      | 864 ||| FLEEEEING.
   865 | D:2      | 865 ||| FLEEEEING.
   866 | D:2      | 866 ||| FLEEEEING.
   867 | D:2      | 867 ||| FLEEEEING.
   868 | D:2      | 868 ||| FLEEEEING.
   869 | D:2      | 869 ||| FLEEEEING.
   870 | D:2      | 870 ||| FLEEEEING.
   871 | D:2      | 871 ||| FLEEEEING.
   872 | D:2      | 872 ||| FLEEEEING.
   873 | D:2      | 873 ||| FLEEEEING.
   878 | D:2      | 878 ||| FLEEEEING.
   930 | D:2      | Reached skill level 5 in Ranged Weapons
  1117 | D:2      | Found Tomok's General Store.
  1127 | D:2      | Reached XP level 4. HP: 22/22 MP: 5/5
  1144 | D:2      | 1144 ||| SHOPLISTING potion of might (44 gold, have 23).
  1144 | D:2      | 1144 ||| SHOPLISTING scroll of acquirement (572 gold, have
                  | 23).
  1144 | D:2      | 1144 ||| BUYING scroll of identify (22 gold).
  1144 | D:2      | Bought a scroll of identify for 22 gold pieces
  1144 | D:2      | 1144 ||| SHOPLISTING scroll of teleportation (33 gold, have
                  | 1).
  1210 | D:2      | Noticed Terence
  1227 | D:2      | Slain by Terence

Levels and vault maps discovered:
D:1:      nagdon_arrival_zigzag_paths, layout_basic
D:2:      layout_basic, serial_shops, nicolae_shop_crystal, hex_medium,
          minmay_tetromino_o2, uniq_terence

Skill      XL: |  1  2  3 |
---------------+----------+-----
Dodging        | 3 4 |  4.3
Ranged Weapons | 5 |  5.0
Fighting       | |  1.5
Stealth        | |  1.5

Action                     |  1- 3 |  4- 6 || total
---------------------------+-------+-------++-------
   Fire: Shortbow          |    79 |    24 ||   103
    Use: Scroll            |     4 |       ||     4
 Armour: Robe              |     5 |     7 ||    12
  Dodge: Dodged            |    21 |    21 ||    42

Table legend:
 A = Non-vault XP
 B = Vault XP
 C = Vault XP percentage of total XP
 D = Non-vault monster count
 E = Vault monster count
 F = Vault count percentage of total count
                 A         B        C        D         E       F
            +---------+---------+-------+---------+---------+-------
      Total |     103 |       1 |   1.0 |      30 |       1 |   3.2
            +---------+---------+-------+---------+---------+-------
        D:1 |      19 |       0 |   0.0 |      13 |       0 |   0.0
        D:2 |      84 |       1 |   1.2 |      17 |       1 |   5.6
            +---------+---------+-------+---------+---------+-------
